 Dungeon Crawl Stone Soup version 0.21.1-1-g345015fe64 (webtiles) character file.

91795 Gargoyl the Corrupter of Planes (level 15, -31/138 HPs)
             Began as a Centaur Abyssal Knight on June 16, 2018.
             Was the Champion of Lugonu.
             Hit by a large rock thrown by a stone giant (37 damage)
             ... on level 2 of the Orcish Mines on June 18, 2018.
             The game lasted 00:49:12 (25803 turns).

Gargoyl the Corrupter of Planes (CeAK)             Turns: 25803, Time: 00:49:13

Health: -31/138    AC: 28    Str: 24    XL:     15   Next: 56%
Magic:  33/33      EV:  8    Int: 13    God:    Lugonu [******]
Gold:   1831       SH:  5    Dex: 14    Spells: 14/14 levels left

rFire    . . .     SeeInvis .   a - +4 hand axe
rCold    . . .     Gourm    .   g - +0 buckler
rNeg     . . .     Faith    .   e - +8 chain mail "Nestal" {+Inv rElec Dex+4}
rPois    +         Spirit   .   t - +2 hat
rElec    +         Reflect  .   J - +2 cloak {+Inv}
rCorr    .         Harm     .   i - +2 pair of gloves
MR       +....                  (no barding)
Stlth    ..........             O - amulet of regeneration
HPRegen  0.73/turn              x - ring of Shadows {Umbra +Inv Stlth+}
MPRegen  0.23/turn              C - ring of Tuet Iryoth {rPois MP+9 Str+6}

@: very slightly contaminated, slowed, wreathed by umbra
A: large, claws 1, hooves 3, horns 1, blurry vision 1, clever 1, clumsy 1,
deformed body, speed 2, robust 1, tough skin 3, wild magic 1, no potion heal 1
a: Depart the Abyss, Bend Space, Banish, Corrupt, Enter the Abyss, Brand Weapon
With Distortion, Renounce Religion, Evoke Invisibility


You were on level 2 of the Orcish Mines.
You worshipped Lugonu.
Lugonu was exalted by your worship.
You were not hungry.

You visited 3 branches of the dungeon, and saw 20 of its levels.
You visited the Abyss 1 time.
You also visited: Ossuary and Volcano.

You collected 1831 gold pieces.

Inventory:

Hand Weapons
 a - a +4 hand axe (weapon)
Missiles
 r - 6 javelins (quivered)
Armour
 e - the +8 chain mail "Nestal" (worn) {+Inv rElec Dex+4}
   (You found it on level 2 of the Abyss)

   It affects your dexterity (+4).
   It insulates you from electricity.
   It lets you turn invisible.
 g - a +0 buckler (worn)
 i - a +2 pair of gloves (worn)
 t - a +2 hat (worn)
 y - a +0 helmet
 J - a +2 cloak of invisibility (worn)
Jewellery
 x - the ring of Shadows (left hand) {Umbra +Inv Stlth+}
   (You found it on level 5 of the Dungeon)

   [ring of stealth]

   It lets you turn invisible.
   It makes you more stealthy.
 C - the ring of Tuet Iryoth (right hand) {rPois MP+9 Str+6}
   (You found it on level 6 of the Dungeon)

   [ring of magical power]

   It affects your strength (+6).
   It protects you from poison.
   It affects your magic capacity (+9).
 N - an uncursed ring of protection from magic
 O - an amulet of regeneration (around neck)
 T - an uncursed ring of protection from magic
 U - an uncursed ring of positive energy
 Z - an uncursed amulet of rage {unknown}
Wands
 h - a wand of acid (18)
 p - a wand of clouds (8)
 B - a wand of polymorph (12)
 E - a wand of flame (37)
 H - a wand of scattershot (8)
 I - a wand of disintegration (10)
 P - a wand of iceblast (5)
 V - a wand of random effects (26)
 W - a wand of paralysis (9)
Scrolls
 b - 2 scrolls of amnesia
 d - 8 scrolls of blinking
 j - 7 scrolls of teleportation
 s - 11 scrolls of remove curse
 z - 2 scrolls of magic mapping
 A - a scroll of fear
 F - 3 scrolls of fog
 M - 2 scrolls of summoning
Potions
 f - 4 potions of might
 k - a potion of flight
 l - a potion of ambrosia
 m - 9 potions of lignification
 n - 2 potions of cancellation
 o - 3 potions of haste
 v - 3 potions of berserk rage
 w - 5 potions of brilliance
 D - 3 potions of curing
 K - a potion of magic
 Q - a potion of resistance
Books
 G - a book of Misfortune

   Spells                             Type                      Level
   a - Confusing Touch                Hexes                        1
   b - Confuse                        Hexes                        3
   c - Gell's Gravitas                Translocation                3
   d - Petrify                        Transmutation/Earth          4
   e - Metabolic Englaciation         Hexes/Ice                    5
   f - Yara's Violent Unravelling     Hexes/Transmutation          5
 L - a book of Callings

   Spells                             Type                      Level
   a - Summon Small Mammal            Summoning                    1
   b - Call Imp                       Summoning                    2
   c - Call Canine Familiar           Summoning                    3
   d - Summon Guardian Golem          Hexes/Summoning              3
   e - Summon Lightning Spire         Summoning/Air                4
   f - Summon Ice Beast               Ice/Summoning                4
Comestibles
 c - 27 rations


   Skills:
 + Level 9.9 Fighting
 + Level 12.2 Axes
 + Level 2.7 Throwing
 * Level 12.0 Armour
 + Level 4.2 Dodging
 + Level 4.7 Shields
 * Level 12.6 Invocations
 + Level 1.4 Evocations


You had 14 spell levels left.
You didn't know any spells.

Dungeon Overview and Level Annotations

Branches:
Dungeon (12/15)            Temple (0/1) D:5            Lair (6/6) D:11
  Swamp (0/4) Lair:3       Spider (0/4) Lair:2        Slime (0/5) Lair:6
    Orc (2/2) D:11
    Elf: Orc:2

Altars:
Cheibriados
Fedhas
Gozag
Kikubaaqudgha
Nemelex Xobeh
Okawaru
Qazlal
Ru
Sif Muna
Trog
Wu Jian
Xom
Yredelemnul
Beogh
Jiyva

Annotations:
Lair:2 exclusion: oklob plant
Orc:2 Sonja


Innate Abilities, Weirdness & Mutations

You have hooves in place of feet.
Armour fits poorly on your strangely shaped body.
You cover ground very quickly.
You have extremely tough skin. (AC +3)
You have sharp fingernails.
You have a pair of small horns on your head.
Scrolls take you a little longer to read.
Your mind is acute. (Int +2)
You are clumsy. (Dex -2)
You are robust. (+10% HP)
Your spells are a little harder to cast, but a little more powerful.
Potions are less effective at restoring your health.


Message History

The orc warrior looks frightened! x2; The orc priest looks frightened!
The stone giant resists with almost no effort.
Really read with blurry vision while enemies are nearby? [Y]es or [N]o only, please.
Really read with blurry vision while enemies are nearby? [Y]es or [N]o only, please.
Really read with blurry vision while enemies are nearby?
Sonja mumbles some strange words.
Sonja looks slightly unstable.
The orc priest moans, "Oh dear!
Oh dear!"
You begin reading the scroll.
You continue reading the scroll.
The cyclops hits you!
* * * LOW HITPOINT WARNING * * *
Blink to where?
Press: ? - help, Dir - move target cursor You are very lightly contaminated with residual magic.
As you read the scroll of blinking, it crumbles to dust.
Sonja disappears!
The stone giant throws a large rock.
The large rock hits you!!!
You die...

.. #. ....... ####
..##. .......#.#.##
...#.####...........
.....$.............##
....................###
.......o..##..........#
#$.o....##.#.........
.#....o.h.....@......#
#...o..(.h...§...$..##
#.......†oC<..........#
.........#..<.....##.##
.....##.###..C....####
...## ### ##..§.....#
..# #.......##....# ..
##....### .#.## #......


You could see a stone giant, an orc knight, a cyclops and 2 wargs.

Vanquished Creatures
  Harold (D:11)
  4 catoblepae
  Erica (D:9)
  11 death yaks
  5 two-headed ogres
  An orc high priest (Orc:1)
  2 ugly things (D:12)
  An orc sorcerer (Orc:1)
  A wolf spider (Lair:2)
  2 cyclopes
  2 manticores (Lair:6)
  2 salamanders (Volcano)
  7 elephants
  A black mamba (Lair:6)
  Maurice (D:9)
  13 spiny frogs
  A torpor snail (Lair:6)
  A gargoyle (D:12)
  2 kobold demonologists
  4 komodo dragons
  2 trolls
  2 jumping spiders (Lair:2)
  A polar bear (Lair:4)
  A hornet (D:8)
  5 slime creatures (D:12)
  17 blink frogs
  7 hippogriffs
  3 dream sheep (Lair:6)
  2 vampires
  A spriggan (D:11)
  9 wyverns
  37 yaks
  15 flying skulls
  A wraith (D:10)
  2 basilisks (Lair:4)
  10 fire bats (Volcano)
  Menkaure (D:6)
  A hungry ghost (D:7)
  2 steam dragons (Volcano)
  5 wargs
  An acid dragon (D:7)
  6 porcupines
  15 water moccasins
  4 ice beasts
  A black bear (D:8)
  13 orc warriors
  3 sky beasts
  10 wolves
  3 necrophages
  10 ogres
  6 centaurs
  3 phantoms
  10 crocodiles
  7 big kobolds (D:9)
  11 bullfrogs
  2 gnoll sergeants
  A wyvern skeleton (D:11)
  A water moccasin skeleton (D:12)
  A scorpion (D:6)
  3 killer bees (D:11)
  A howler monkey (D:7)
  6 crimson imps
  A bullfrog zombie (D:6)
  2 centaur zombies
  A quasit (D:5)
  6 hounds
  5 human zombies
  16 orc priests
  2 centaur skeletons
  3 jellies
  17 orc wizards
  An iron imp (D:6)
  A bullfrog skeleton (D:8)
  An iguana (D:7)
  Ijyb (D:4)
  A hell rat (D:12)
  7 worker ants
  2 killer bee zombies
  A hound zombie (D:9)
  4 mummies
  A hound skeleton (D:9)
  20 gnolls
  12 adders
  A river rat (D:12)
  3 oozes
  An adder skeleton (D:6)
  4 worms
  5 dart slugs
  4 leopard geckos
  78 orcs
  13 bats
  7 giant cockroaches
  10 goblins
  7 hobgoblins
  11 jackals
  17 kobolds
  6 quokkas
  A ball python skeleton (D:4)
  7 frilled lizards
  A gnoll zombie (Ossuary)
  A goblin zombie (Ossuary)
  4 hobgoblin zombies
  A jackal skeleton (D:4)
  A kobold zombie (Ossuary)
  A quokka zombie (D:7)
  14 rats
  A butterfly (D:5)
  A fungus (Lair:4)
  8 plants
618 creatures vanquished.

Vanquished Creatures (others)
  A fire dragon (Volcano)
  A hydra (Lair:5)
  A salamander (Volcano)
  A jumping spider (Lair:2)
  A wyvern (Volcano)
  A vampire (D:11)
  A crocodile (Volcano)
  8 fungi
  16 plants
31 creatures vanquished.

Grand Total: 649 creatures vanquished

Notes
Turn   | Place    | Note
-------+----------+-------------------------------------------
     0 | Abyss:1  | Gargoyl the Centaur Abyssal Knight began the quest for the Orb.
     0 | Abyss:1  | Reached XP level 1. HP: 19/19 MP: 2/2
    10 | Abyss:2  | Found a corrupted altar of Lugonu.
    46 | Abyss:2  | Noticed a large abomination
    53 | Abyss:2  | Noticed a neqoxec
    61 | Abyss:2  | Gained mutation: You are frail. (-10% HP) [a neqoxec]
    63 | Abyss:2  | Got an aquamarine-encrusted chain mail
    64 | D:1      | Escaped the Abyss
    75 | D:1      | Identified the +8 chain mail "Nestal" {+Inv rElec Dex+4} (You found it on level 2 of the Abyss)
   291 | D:1      | Reached XP level 2. HP: 23/23 MP: 3/3
   758 | D:1      | Reached * piety under Lugonu
   870 | D:2      | Reached XP level 3. HP: 27/27 MP: 4/4
   980 | D:2      | Found an ornate altar of the Wu Jian Council.
  1087 | D:2      | Found an ancient bone altar of Kikubaaqudgha.
  1088 | D:2      | Found a blossoming altar of Fedhas.
  1109 | D:2      | Reached XP level 4. HP: 34/34 MP: 5/5
  1609 | D:3      | Reached ** piety under Lugonu
  1618 | D:3      | Reached XP level 5. HP: 27/40 MP: 6/6
  2433 | D:3      | Found an iron altar of Okawaru.
  2728 | D:4      | Noticed Ijyb
  2742 | D:4      | Killed Ijyb
  2742 | D:4      | Reached XP level 6. HP: 46/46 MP: 8/8
  3555 | D:5      | Entered Level 5 of the Dungeon
  3590 | D:5      | Found a sand-covered staircase.
  3600 | Ossuary  | Entered an ossuary
  3666 | Ossuary  | Reached *** piety under Lugonu
  4035 | Ossuary  | Reached skill level 1 in Dodging
  4093 | Ossuary  | Reached XP level 7. HP: 52/53 MP: 9/9
  4152 | D:5      | Found the ring of Shadows {Umbra +Inv Stlth+}
  4349 | D:5      | Found an opulent altar of Gozag.
  4849 | D:5      | Found a staircase to the Ecumenical Temple.
  5244 | D:5      | Found a shimmering altar of Xom.
  5264 | D:5      | Reached XP level 8. HP: 59/59 MP: 11/11
  5381 | D:5      | Noticed a moth of wrath
  5390 | D:5      | Found a bloodstained altar of Trog.
  5414 | D:5      | Reached **** piety under Lugonu
  5654 | D:5      | Reached skill level 5 in Axes
  5850 | D:6      | Noticed Menkaure
  5956 | D:6      | Killed Menkaure
  6015 | D:6      | Reached skill level 5 in Invocations
  6054 | D:6      | Reached skill level 5 in Armour
  6054 | D:6      | Reached skill level 1 in Shields
  6078 | D:6      | Got a vibrating wooden ring
  6079 | D:6      | Identified the ring of Tuet Iryoth {rPois MP+9 Str+6} (You found it on level 6 of the Dungeon)
  6138 | D:6      | Found a snail-covered altar of Cheibriados.
  6705 | D:6      | Reached skill level 5 in Fighting
  6714 | D:6      | Lost mutation: You are frail. (-10% HP) [potion of mutation]
  6714 | D:6      | Gained mutation: You are dopey. (Int -2) [potion of mutation]
  6714 | D:6      | Gained mutation: You are resistant to electric shocks. (rElec) [potion of mutation]
  6714 | D:6      | Gained mutation: You are clumsy. (Dex -2) [potion of mutation]
  6714 | D:6      | Gained mutation: You are partially covered in thin metallic scales. (AC +2) [potion of mutation]
  6715 | D:6      | Lost mutation: You are dopey. (Int -2) [potion of mutation]
  6715 | D:6      | Lost mutation: You are clumsy. (Dex -2) [potion of mutation]
  6715 | D:6      | Lost mutation: You are resistant to electric shocks. (rElec) [potion of mutation]
  6715 | D:6      | Gained mutation: You occasionally shout uncontrollably at your foes. [potion of mutation]
  6715 | D:6      | Gained mutation: You passively map a small area around you. [potion of mutation]
  6715 | D:6      | Lost mutation: You occasionally shout uncontrollably at your foes. [potion of mutation]
  6715 | D:6      | Gained mutation: You have a pair of small antennae on your head. [potion of mutation]
  6716 | D:6      | Gained mutation: You are resistant to hostile enchantments. (MR+) [potion of mutation]
  6716 | D:6      | Gained mutation: Potions are less effective at restoring your health. [potion of mutation]
  6716 | D:6      | Gained mutation: Your movements are slightly less encumbered by armour. (ER -2) [potion of mutation]
  6717 | D:6      | Lost mutation: You are resistant to hostile enchantments. (MR+) [potion of mutation]
  6717 | D:6      | Lost mutation: You have a pair of small antennae on your head. [potion of mutation]
  6717 | D:6      | Gained mutation: Your spells are a little easier to cast, but a little less powerful. [potion of mutation]
  6717 | D:6      | Gained mutation: You are partially covered in molten scales. (AC +2) [potion of mutation]
  6717 | D:6      | Gained mutation: You have sharp fingernails. [potion of mutation]
  6718 | D:6      | Lost mutation: Your movements are slightly less encumbered by armour. (ER -2) [potion of mutation]
  6718 | D:6      | Lost mutation: You are partially covered in thin metallic scales. (AC +2) [potion of mutation]
  6718 | D:6      | Lost mutation: You passively map a small area around you. [potion of mutation]
  6718 | D:6      | Gained mutation: You possess an exceptional clarity of mind. [potion of mutation]
  6718 | D:6      | Gained mutation: You have supernaturally acute eyesight. (SInv) [potion of mutation]
  6718 | D:6      | Gained mutation: You have a somewhat thin skeletal structure. (Dex +2, Stealth) [potion of mutation]
  6719 | D:6      | Lost mutation: Your spells are a little easier to cast, but a little less powerful. [potion of mutation]
  6719 | D:6      | Lost mutation: You have supernaturally acute eyesight. (SInv) [potion of mutation]
  6719 | D:6      | Gained mutation: Scrolls take you a little longer to read. [potion of mutation]
  6719 | D:6      | Gained mutation: Your spells are a little harder to cast, but a little more powerful. [potion of mutation]
  6720 | D:6      | Lost mutation: Your spells are a little harder to cast, but a little more powerful. [potion of mutation]
  6720 | D:6      | Lost mutation: Scrolls take you a little longer to read. [potion of mutation]
  6720 | D:6      | Lost mutation: You possess an exceptional clarity of mind. [potion of mutation]
  6720 | D:6      | Gained mutation: Your spells are a little harder to cast, but a little more powerful. [potion of mutation]
  6720 | D:6      | Gained mutation: You have a pair of small horns on your head. [potion of mutation]
  6720 | D:6      | Gained mutation: You are robust. (+10% HP) [potion of mutation]
  6900 | D:6      | Reached XP level 9. HP: 81/81 MP: 13/13
  7400 | D:7      | Reached ***** piety under Lugonu
  7529 | D:7      | Found a deep blue altar of Sif Muna.
  8136 | D:7      | Found a stormy altar of Qazlal.
  8141 | D:7      | Found a basalt altar of Yredelemnul.
  8144 | D:7      | Found a snail-covered altar of Cheibriados.
  8431 | D:8      | Noticed a two-headed ogre
  8441 | D:8      | Killed a two-headed ogre
  8517 | D:8      | Noticed a two-headed ogre
  8524 | D:8      | Killed a two-headed ogre
  8524 | D:8      | Reached XP level 10. HP: 88/91 MP: 15/15
  8554 | D:8      | Noticed a two-headed ogre
  8564 | D:8      | Killed a two-headed ogre
  8564 | D:8      | Reached skill level 1 in Throwing
  8807 | D:8      | Noticed a two-headed ogre
  8825 | D:8      | Killed a two-headed ogre
  9046 | D:8      | Found a roughly hewn altar of Beogh.
  9948 | D:9      | Noticed Maurice
  9958 | D:8      | Paralysed by a hornet for 3 turns
 10244 | D:9      | Killed Maurice
 10286 | D:9      | Found a sparkling altar of Nemelex Xobeh.
 10326 | D:9      | Lost mutation: You have a somewhat thin skeletal structure. (Dex +2, Stealth) [potion of mutation]
 10326 | D:9      | Lost mutation: You are partially covered in molten scales. (AC +2) [potion of mutation]
 10326 | D:9      | Gained mutation: You are clumsy. (Dex -2) [potion of mutation]
 10326 | D:9      | Gained mutation: Your mind is acute. (Int +2) [potion of mutation]
 10386 | D:9      | Found a sacrificial altar of Ru.
 10386 | D:9      | Noticed Erica
 10418 | D:9      | Killed Erica
 10418 | D:9      | Reached XP level 11. HP: 52/100 MP: 16/16
 11297 | D:10     | Entered Level 10 of the Dungeon
 11727 | D:10     | Found a shimmering altar of Xom.
 11853 | D:10     | Reached ****** piety under Lugonu
 12524 | D:11     | Found a staircase to the Lair.
 13092 | D:11     | Noticed Harold
 13135 | D:11     | Killed Harold
 13428 | D:11     | Got a wavering ivory ring
 13571 | D:11     | Identified the ring of the Fiend {+Blink MR- Str+8 Stlth+} (You found it on level 11 of the Dungeon)
 13577 | D:11     | Found a staircase to the Orcish Mines.
 14048 | Lair:1   | Entered Level 1 of the Lair of Beasts
 14060 | Lair:1   | Found a dark tunnel.
 14069 | Volcano  | Entered a volcano
 14112 | Volcano  | Reached skill level 10 in Axes
 14128 | Volcano  | Reached XP level 12. HP: 95/110 MP: 18/18
 14661 | Volcano  | Noticed a two-headed ogre
 14680 | Volcano  | Killed a two-headed ogre
 14868 | Volcano  | Noticed a fire dragon
 14891 | Volcano  | Banished a fire dragon
 15413 | Lair:1   | Reached skill level 10 in Invocations
 16503 | Lair:2   | Reached skill level 10 in Armour
 16708 | Lair:2   | Found a hole to the Spider Nest.
 17536 | Lair:3   | Found a staircase to the Swamp.
 17913 | Lair:3   | Reached XP level 13. HP: 117/117 MP: 20/20
 18909 | Lair:4   | You fall through a shaft!
 20230 | Lair:6   | Entered Level 6 of the Lair of Beasts
 21824 | Lair:6   | Reached XP level 14. HP: 94/129 MP: 22/22
 22122 | Lair:6   | Found a runed door.
 22123 | Lair:6   | Found a viscous altar of Jiyva.
 22276 | Lair:6   | Found a staircase to the Slime Pits.
 22897 | Lair:6   | Got a fine crystal plate armour
 22908 | Lair:6   | Identified the +1 crystal plate armour of Sunlight {*Contam Int+8 Dex-2 Slay+6} (You found it on level 6 of the Lair of Beasts)
 22976 | Lair:6   | Gained mutation: Scrolls take you a little longer to read. [mutagenic glow]
 23896 | D:12     | Got a wavering ruby amulet
 23900 | D:12     | Identified the amulet "Aczuromp" {+Rage Int+4} (You found it on level 12 of the Dungeon)
 24694 | D:12     | Noticed a vampire knight
 24702 | D:12     | Paralysed by a vampire knight for 5 turns
 24709 | D:12     | Banished a vampire knight
 24856 | D:12     | Reached skill level 1 in Evocations
 24856 | D:12     | Reached XP level 15. HP: 138/138 MP: 24/24
 24922 | Orc:1    | Entered Level 1 of the Orcish Mines
 24996 | Orc:1    | Paralysed by an orc sorcerer for 5 turns
 25775 | Orc:2    | Entered Level 2 of the Orcish Mines
 25782 | Orc:2    | Noticed Sonja
 25802 | Orc:2    | HP: 5/138 [cyclops (9)]
 25803 | Orc:2    | Hit by a large rock thrown by a stone giant

Skill      XL: |  1  2  3  4  5  6  7  8  9 10 11 12 13 14 15 |
---------------+----------------------------------------------+-----
Axes           | 2 3 4 6 7 8 10 11 12 | 12.2
Armour         | 2 3 4 5 6 7 9 10 11 12 | 12.0
Invocations    | 3 4 5 6 7 9 10 11 12 | 12.6
Dodging        | 1 2 3 4 |  4.2
Fighting       | 4 5 6 7 8 9 |  9.9
Shields        | 1 2 3 4 |  4.7
Throwing       | 1 2 |  2.7
Evocations     | 1 |  1.4

Action                   |  1- 3 |  4- 6 |  7- 9 | 10-12 | 13-15 || total
-------------------------+-------+-------+-------+-------+-------++-------
Melee: Hand axe          |    81 |   223 |   381 |  1039 |  1240 ||  2964
       Kick              |    17 |    69 |   125 |   408 |   575 ||  1194
       Headbutt          |       |       |    30 |   271 |   350 ||   651
Throw: Javelin           |       |       |     4 |     6 |    17 ||    27
Invok: Depart the Abyss  |     1 |       |       |       |       ||     1
       Banish            |       |       |       |     7 |     5 ||    12
       Bend Space        |       |       |       |     1 |     2 ||     3
 Abil: Evoke Invisibilit |     1 |       |       |       |       ||     1
  Use: Scroll            |     6 |     7 |     6 |    19 |    10 ||    48
       Potion            |       |       |     8 |     4 |     9 ||    21
 Stab: Invisible         |     1 |       |       |       |       ||     1
       Petrified         |       |       |       |       |     7 ||     7
  Eat: Chunk             |       |     7 |    10 |    18 |     5 ||    40
       Ration            |       |     1 |     1 |     3 |     6 ||    11
Armor: Chain mail        |    70 |   174 |   352 |   768 |   885 ||  2249
Dodge: Dodged            |    12 |    64 |   130 |   444 |   464 ||  1114
Block: Buckler           |       |    28 |    72 |   226 |   247 ||   573
